 Dungeon Crawl Stone Soup version 0.19.5 (webtiles) character file.

42 devil0150 the Magician (level 3, -3/21 HPs)
             Began as a High Elf Wizard on Apr 9, 2017.
             Slain by an orc wizard
             ... wielding a +0 dagger
              (4 damage)
             ... on level 3 of the Dungeon.
             The game lasted 00:07:01 (1592 turns).

devil0150 the Magician (High Elf Wizard)            Turns: 1592, Time: 00:07:02

Health: -3/21      AC:  2    Str:  6    XL:     3   Next: 33%
Magic:  4/10       EV: 13    Int: 23    God:
Gold:   108        SH:  0    Dex: 13    Spells: 5 memorised, 2 levels left

rFire  . . .     SeeInvis .     m - +0 war axe
rCold  . . .     Gourm    .     a - +0 robe
rNeg   . . .     Faith    .     (no shield)
rPois  .         Spirit   .     b - +0 hat
rElec  .         Reflect  .     (no cloak)
rCorr  .         Harm     .     (no gloves)
MR     .....                    (no boots)
Stlth  ++........               (no amulet)
                                (no ring)
                                (no ring)

@: no status effects
A: no striking features
a: no special abilities


You were on level 3 of the Dungeon.
You were not hungry.

You visited 1 branch of the dungeon, and saw 3 of its levels.

You collected 108 gold pieces.

Inventory:

Hand Weapons
 k - a +0 dagger
 l - a +0 mace
 m - a +0 war axe (weapon)
Missiles
 h - 31 arrows
Armour
 a - a +0 robe (worn)
 b - a +0 hat (worn)
 e - a +0 buckler
Jewellery
 j - a cursed -3 ring of evasion
Scrolls
 i - 3 scrolls of identify
 o - a scroll of amnesia
Books
 c - a book of Minor Magic

   Spells                             Type                      Level
   a - Magic Dart                     Conjuration                  1
   b - Blink                          Translocation                2
   c - Call Imp                       Summoning                    2
   d - Repel Missiles                 Charms/Air                   2
   e - Slow                           Hexes                        2
   f - Conjure Flame                  Conjuration/Fire             3
   g - Mephitic Cloud                 Conjuration/Poison/Air       3
Comestibles
 d - 3 bread rations
 f - 2 fruits
 g - 2 meat rations


   Skills:
 + Level 0.2 Axes
 + Level 2.4 Dodging
 + Level 2.4 Stealth
 + Level 4.6 Spellcasting
 + Level 1.4 Conjurations
 + Level 0.8 Summonings
 + Level 1.1 Translocations


You had 2 spell levels left.
You knew the following spells:

 Your Spells              Type           Power        Failure   Level  Hunger
a - Magic Dart            Conj           ##..         6%          1    None
b - Blink                 Tloc           N/A          12%         2    None
c - Call Imp              Summ           #.......     12%         2    None
d - Repel Missiles        Chrm/Air       #.....       17%         2    None
e - Slow                  Hex            #.......     17%         2    None


Dungeon Overview and Level Annotations

Branches:
Dungeon (3/15)

Altars:


Message History

A magic dart appears from out of thin air!
The magic dart hits you!
* * * LOW HITPOINT WARNING * * *
You bump into the rock wall.
You feel less confused. Something hits you.
* * * LOW HITPOINT WARNING * * *
You feel better. Something hits you.
You hear some strange, mumbled words.
You are confused.
An adder comes into view.
A puff of flame appears from out of thin air!
The puff of flame misses you.
You bump into the rock wall.
Something hits you.
A magic dart appears from out of thin air!
The magic dart hits you!
* * * LOW HITPOINT WARNING * * *
You feel less confused. Something hits you.
You die...

#. #..........#.#
#...#.####......#
####.##.###########
...........#
####.##.##.#
#........####
#............
#...#.#..#.##
#.....@..#.##.#
#....#.........
#.......####..#
####.##... #. ###..
#. ..S. #. ... #.
... ...


There were no monsters in sight!

Vanquished Creatures
  2 adders (D:2)
  4 orcs (D:3)
  A giant cockroach (D:2)
  A goblin (D:1)
  2 kobolds
  A quokka (D:2)
  4 bats (D:2)
  2 frilled lizards (D:2)
  5 rats
22 creatures vanquished.

Notes
Turn   | Place    | Note
-------+----------+-------------------------------------------
     0 | D:1      | devil0150 the High Elf Wizard began the quest for the Orb.
     0 | D:1      | Reached XP level 1. HP: 11/11 MP: 6/6
   779 | D:2      | Reached skill level 4 in Spellcasting
   779 | D:2      | Reached XP level 2. HP: 17/17 MP: 1/8
   950 | D:2      | Reached XP level 3. HP: 18/21 MP: 9/9
  1240 | D:2      | Found a faded altar of an unknown god.
  1530 | D:3      | Learned a level 2 spell: Blink
  1533 | D:3      | Learned a level 2 spell: Call Imp
  1536 | D:3      | Learned a level 2 spell: Repel Missiles
  1539 | D:3      | Learned a level 2 spell: Slow
  1591 | D:3      | HP: 1/21 [something/magic dart (9)]
  1592 | D:3      | Slain by an orc wizard

Skill      XL: |  1 |
---------------+----+-----
Spellcasting   | 4 |  4.6
Axes           | |  0.2
Dodging        | |  2.4
Stealth        | |  2.4
Conjurations   | |  1.4
Summonings     | |  0.8
Translocations | |  1.1

Action                   || total
-------------------------++-------
Melee: Dagger            ||     3
       Unarmed           ||     1
       War axe           ||    12
 Cast: Magic Dart        ||    40
  Use: Scroll            ||     8
       Potion            ||     1
 Stab: Sleeping          ||     1
  Eat: Chunk             ||     2
Armor: Robe              ||     4
Dodge: Dodged            ||    19
